[Event "ICC Open 2015"]
[Site "Internet Chess Club"]
[Date "2015.05.29"]
[Round "4"]
[White "Inmune"]
[Black "magdykassem"]
[Result "1-0"]
[ICCResult "Black forfeits on time"]
[WhiteElo "2957"]
[BlackElo "1761"]
[Opening "Queen's pawn"]
[ECO "A40"]
[NIC "QO.17"]
[Time "14:37:03"]
[TimeControl "180+0"]

1. d4 e6 2. Nf3 d5 3. Bg5 Be7 4. Bxe7 Qxe7 5. Nbd2 Nf6 6. e3 c5 7. c3 Nc6 8.
Bb5 O-O 9. O-O a6 10. Bxc6 bxc6 11. Ne5 Bd7 12. Nb3 cxd4 13. cxd4 Ne4 14. f3
Nd6 15. Rc1 f6 16. Nxd7 Qxd7 17. Nc5 Qe7 18. Qa4 Rfc8 19. b3 a5 20. Rc2 e5
21. dxe5 Qxe5 22. Qd4 Qe7 23. e4 Re8 24. Re1 Rad8 25. Rcc1 dxe4 26. Nxe4
Nxe4 27. Qc4+ Kf8 28. Rxe4 Qa7+ 29. Kh1 Qf2 30. Qxc6 Rxe4 31. Qxe4 Qxa2 32.
Re1 Qd2 33. h3 h6 34. Re2 Qd6 35. Qc4 Qd1+ 36. Kh2 Qd6+ 37. f4 Qd4 38. Qc7
Qd6 39. Qc1 g5 40. Rf2 Rb8 41. Qc3 gxf4 42. Qf3 Qe5 43. h4 Rb4 44. Rd2 Rd4
45. Qa8+ Ke7 46. Qa7+ Ke6 47. Qxd4 f3+ 48. Qxe5+ Kxe5 49. gxf3 Kf4 50. Rd4+
Kxf3 51. Ra4 f5 52. Rxa5 f4 53. Ra6 h5 54. Rh6 Kg4 55. Rf6 f3 56. Rf8
{Black forfeits on time}
1-0

[Event "ICC Open 2015"]
[Site "Internet Chess Club"]
[Date "2015.05.29"]
[Round "4"]
[White "BlueGreen"]
[Black "mvillalba"]
[Result "0-1"]
[ICCResult "White resigns"]
[WhiteElo "2683"]
[BlackElo "2137"]
[Opening "Ruy Lopez: closed, Keres (...Nd7) defense"]
[ECO "C96"]
[NIC "RL.23"]
[Time "14:36:57"]
[TimeControl "180+0"]

1. e4 e5 2. Nf3 Nc6 3. Bb5 a6 4. Ba4 Nf6 5. O-O Be7 6. Re1 b5 7. Bb3 d6 8.
c3 O-O 9. h3 Na5 10. Bc2 c5 11. d4 Nd7 12. Nbd2 exd4 13. cxd4 Nc6 14. d5
Nce5 15. a4 b4 16. Nh2 Ng6 17. Nc4 Nde5 18. Nxe5 Nxe5 19. f4 Ng6 20. Nf3 f5
21. e5 Bb7 22. a5 dxe5 23. Nxe5 Nxe5 24. Rxe5 Bf6 25. Rxf5 Bd4+ 26. Kh2 Rxf5
27. Bxf5 Qxd5 28. Qg4 Re8 29. Bd2 g6 30. Bc2 Bxb2 31. Rd1 Bd4 32. Bc1 b3 33.
Bb1 Qc4 34. Bd3 Qd5 35. Bb1 Qe6 36. Qg3 Qf6 37. Qxb3+ Qf7 38. Qc2 Kg7 39.
Bb2 Qf6 40. Bxd4 cxd4 41. Qd2 Rd8 42. Ba2 d3 43. Rb1 Bc6 44. Rb6 Rd4 45.
Rxa6 Rxf4 46. Rxc6 Qe5 47. Qc3 Rd4+ 48. Kh1 d2 49. Rc7+ Kh6 50. Rd7 d1=Q+
{White resigns}
0-1

[Event "ICC Open 2015"]
[Site "Internet Chess Club"]
[Date "2015.05.29"]
[Round "4"]
[White "supermouse"]
[Black "gauss"]
[Result "1-0"]
[ICCResult "Black forfeits on time"]
[WhiteElo "2686"]
[BlackElo "2092"]
[Opening "Réti opening"]
[ECO "A04"]
[NIC "QP.10"]
[Time "14:36:36"]
[TimeControl "180+0"]

1. Nf3 c5 2. e3 Nc6 3. d4 cxd4 4. exd4 d5 5. Bd3 Nf6 6. h3 g6 7. c3 Bg7 8.
O-O O-O 9. Qc2 Rb8 10. Bf4 Ra8 11. Nbd2 Re8 12. Rfe1 Nd7 13. Qb3 Qb6 14.
Qxd5 Qxb2 15. Rec1 Qb6 16. Rab1 Qd8 17. Qb3 e5 18. Bg5 Qc7 19. d5 Na5 20.
Qa3 Bf8 21. Qb2 Nc5 22. Bb5 e4 23. Ne1 Bd7 24. c4 Bxb5 25. Qxb5 b6 26. Bf6
Nab7 27. Nf1 Nd6 28. Qb2 Qd7 29. Ne3 Nf5 30. Ng4 h5 31. Ne5 Qd6 32. Nc6 Bg7
33. Bxg7 Nxg7 34. Rd1 Nf5 35. Qa3 e3 36. Nd3 exf2+ 37. Nxf2 Re3 38. Qb2 Rae8
39. Rd2 Qg3 40. Rf1 Nh4 41. Nh1 Qg5 42. Rdf2 Nd3 43. Qd4 Nxf2 44. Rxf2 Re1+
45. Kh2 Rxh1+ 46. Kxh1 Re1+ 47. Kh2 Nf3+ 48. Rxf3 Qc1 49. Ne7+ Kf8 50. d6
Rh1+ 51. Kg3 Qg5+ 52. Kf2 {Black forfeits on time} 1-0

[Event "ICC Open 2015"]
[Site "Internet Chess Club"]
[Date "2015.05.29"]
[Round "4"]
[White "AMKE"]
[Black "raanan"]
[Result "1-0"]
[ICCResult "Black forfeits on time"]
[WhiteElo "1519"]
[BlackElo "1255"]
[Opening "Two knights defense"]
[ECO "C58"]
[NIC "KP.01"]
[Time "14:37:17"]
[TimeControl "180+0"]

1. e4 e5 2. Nf3 Nc6 3. Bc4 Nf6 4. Ng5 d5 5. exd5 Na5 6. Bb5+ c6 7. dxc6 bxc6
8. Bd3 h6 9. Ne4 Nd5 10. Nbc3 f5 11. Qh5+ Ke7 12. Ng5 Qe8 13. Qh4 Qg6 14.
Nxd5+ cxd5 15. Ne4+ Ke8 16. Bb5+ Bd7 17. Bxd7+ Kxd7 18. Ng3 f4 19. Qh3+ Kc7
20. Qf5 Qd6 21. Qf7+ Be7 22. Nf5 Qd7 23. Qxe7 Qxe7 24. Nxe7 Kd6 25. Ng6 Rhf8
26. d4 Rf6 27. dxe5+ {Black forfeits on time} 1-0

[Event "ICC Open 2015"]
[Site "Internet Chess Club"]
[Date "2015.05.29"]
[Round "4"]
[White "FlyAway"]
[Black "CapilanoBridge"]
[Result "1-0"]
[ICCResult "Black forfeits on time"]
[WhiteElo "2850"]
[BlackElo "3179"]
[Opening "Owen defense"]
[ECO "B00"]
[NIC "VO.03"]
[Time "14:36:33"]
[TimeControl "180+0"]

1. e4 b6 2. d4 Bb7 3. Bd3 e6 4. Nf3 Ne7 5. O-O d5 6. Nc3 Nbc6 7. Re1 dxe4 8.
Bxe4 Qd7 9. Ne5 Nxe5 10. Bxb7 Rb8 11. Be4 Nc4 12. d5 Nd6 13. dxe6 fxe6 14.
Bg5 Nxe4 15. Rxe4 Qxd1+ 16. Rxd1 Nf5 17. Rxe6+ Kf7 18. Re5 Kg6 19. Rdd5 c6
20. Rd7 Kxg5 21. h4+ Kf6 22. f4 Nd6 23. g4 h6 24. h5 g5 25. Rxd6+ Bxd6 26.
Ne4+ Kg7 27. Nxd6 gxf4 28. Re6 Rbg8 29. Kf2 Kf8 30. Re8+ Kg7 31. Re6 Kf8 32.
Re8+ Kg7 33. Re6 Kf8 34. Kf3 Rh7 35. Re8+ Kg7 36. Re7+ Kh8 37. Nf7+ Rxf7 38.
Rxf7 Rd8 39. Kxf4 Rd2 40. Rxa7 Rxc2 41. Kf5 Rc5+ 42. Kf6 Rg5 43. Ra8+ Kh7
44. Ra7+ Kh8 45. Rc7 c5 46. Rc8+ Kh7 47. Rc7+ Kh8 48. Rc6 Kh7 49. Rxb6 Rxg4
50. Rb7+ Kh8 51. Rb8+ Kh7 52. Rb7+ Kh8 53. Rc7 Rg5 54. Rc8+ Kh7 55. Rc7+ Kh8
56. Rc8+ Kh7 57. a4 Rxh5 58. a5 c4 59. Rc7+ Kg8 60. a6 Ra5 61. Rc8+ Kh7 62.
Rc7+ Kg8 63. a7 Ra6+ 64. Kf5 c3 65. bxc3 Ra5+ 66. Ke4 Ra6 67. Kd3 Rd6+ 68.
Kc2 {Black forfeits on time} 1-0

[Event "ICC Open 2015"]
[Site "Internet Chess Club"]
[Date "2015.05.29"]
[Round "4"]
[White "capatal1"]
[Black "franco"]
[Result "1-0"]
[ICCResult "Black forfeits on time"]
[WhiteElo "1485"]
[BlackElo "1283"]
[Opening "Queen's pawn game"]
[ECO "D02"]
[NIC "QP.08"]
[Time "14:37:13"]
[TimeControl "180+0"]

1. d4 d5 2. Nf3 c6 3. Bg5 Bf5 4. Nbd2 Nf6 5. e3 e6 6. h3 Be7 7. Ne5 Nbd7 8.
Ndf3 O-O 9. Bd3 Bg6 10. O-O h6 11. Bh4 Kh7 12. Nxg6 fxg6 13. c3 Rf7 14. Ne5
Nxe5 15. dxe5 Nd7 16. Bxe7 Qxe7 17. Qc2 Qg5 18. f4 Qh5 19. Be2 Qf5 20. Qxf5
gxf5 21. Rae1 Nc5 22. Bf3 Ne4 23. Bxe4 fxe4 24. Rd1 Raf8 25. c4 Rd8 26. b3
Rfd7 27. cxd5 Rxd5 28. Rc1 Rd2 29. Rf2 Kg6 30. Rxd2 Rxd2 31. Ra1 Re2 32. Kf1
Rxe3 33. Kf2 Rd3 34. Ke2 Kf5 35. Rf1 Rc3 36. g4+ Kg6 37. Rf2 Rxh3 38. Rg2
Rc3 39. Kd2 Rd3+ 40. Kc2 Rf3 41. Kd2 Rxf4 42. Ke3 Rf1 43. Kxe4 Re1+ 44. Kd4
Kg5 45. a4 Ra1 46. Kc5 Rb1 47. b4 a6 48. a5 Re1 49. Kd6 Re4 50. Kxe6 Rxb4
51. Kd6 Re4 52. e6 {Black forfeits on time} 1-0

[Event "ICC Open 2015"]
[Site "Internet Chess Club"]
[Date "2015.05.29"]
[Round "4"]
[White "Valai"]
[Black "brauliocuarta"]
[Result "0-1"]
[ICCResult "White checkmated"]
[WhiteElo "2452"]
[BlackElo "2043"]
[Opening "Benoni defense"]
[ECO "A56"]
[NIC "OI.06"]
[Time "14:37:33"]
[TimeControl "180+0"]

1. d4 Nf6 2. c4 c5 3. dxc5 e6 4. Nf3 Bxc5 5. e3 O-O 6. Nc3 d6 7. Be2 Nc6 8.
O-O Re8 9. a3 a6 10. b4 Ba7 11. Bb2 d5 12. cxd5 exd5 13. b5 axb5 14. Nxb5
Bb6 15. Nbd4 Ne4 16. Rc1 Bd7 17. Nb3 Nxf2 18. Rxf2 Bxe3 19. Qxd5 Qb6 20. Bd4
Nxd4 21. Nfxd4 Ba4 22. Bb5 Bxb5 23. Qxb5 Bxc1 24. Qxb6 Re1+ 25. Rf1 Be3+ 26.
Kh1 Rxf1# {White checkmated} 0-1

[Event "ICC Open 2015"]
[Site "Internet Chess Club"]
[Date "2015.05.29"]
[Round "4"]
[White "Vegita"]
[Black "suilven"]
[Result "1-0"]
[ICCResult "Black forfeits on time"]
[WhiteElo "2326"]
[BlackElo "1830"]
[Opening "QGD Slav defense: exchange variation"]
[ECO "D10"]
[NIC "SL.01"]
[Time "14:37:21"]
[TimeControl "180+0"]

1. d4 d5 2. c4 c6 3. cxd5 cxd5 4. Nc3 e6 5. Nf3 Nf6 6. Bf4 Bd6 7. Bg5 h6 8.
Bh4 Nbd7 9. e3 O-O 10. Bd3 a6 11. O-O Re8 12. Rc1 b5 13. Bb1 g5 14. Bg3 Nf8
15. Ne5 Bxe5 16. Bxe5 N6d7 17. Bg3 Bb7 18. Qh5 Kg7 19. h4 Nf6 20. Be5 Nd7
21. hxg5 hxg5 22. Qxg5+ Kf8 23. Qh6+ Ke7 24. Bg3 Rh8 25. Qf4 Qg8 26. Ne2 Ne8
27. f3 Ndf6 28. Rc7+ Nxc7 29. Qxc7+ Nd7 30. Qxb7 Qh7 31. Qc7 Qh5 32. Kf2
Rac8 33. Qd6+ Ke8 34. Nf4 Qg5 35. e4 Rg8 36. Ne2 Nf6 37. Rh1 dxe4 38. Bxe4
Nxe4+ 39. fxe4 Rc2 40. Qf4 Qxg3+ 41. Qxg3 Rxe2+ 42. Kxe2 Rxg3 43. Kf2 Rg4
44. Kf3 Rg7 45. Rh8+ Kd7 46. Ra8 Rg5 47. Ra7+ Kd6 48. Rxa6+ Ke7 49. Rb6 Kf6
50. g4 Rg8 51. Rxb5 {Black forfeits on time} 1-0

[Event "ICC Open 2015"]
[Site "Internet Chess Club"]
[Date "2015.05.29"]
[Round "4"]
[White "Baltimora"]
[Black "MichelRocard"]
[Result "1-0"]
[ICCResult "Black checkmated"]
[WhiteElo "2355"]
[BlackElo "1993"]
[Opening "King's Indian: Four pawns attack"]
[ECO "E76"]
[NIC "KI.31"]
[Time "14:37:21"]
[TimeControl "180+0"]

1. d4 Nf6 2. c4 g6 3. Nc3 Bg7 4. e4 d6 5. f4 O-O 6. Nf3 Na6 7. Be2 e5 8.
fxe5 dxe5 9. d5 Nh5 10. O-O f5 11. Ng5 Nf4 12. Bxf4 exf4 13. Ne6 Bxe6 14.
dxe6 Qxd1 15. Raxd1 Bxc3 16. bxc3 fxe4 17. e7 Rfe8 18. c5 Rxe7 19. c6 Nc5
20. cxb7 Nxb7 21. Rxf4 Nd6 22. c4 Nf5 23. c5 Rb8 24. g4 Nh4 25. c6 Rb2 26.
Kf1 Nf3 27. Rd7 Rxd7 28. cxd7 Rd2 29. Rxe4 Nxh2+ 30. Kg1 Rxd7 31. Kxh2 Rd2
32. a4 h5 33. gxh5 gxh5 34. Kg3 Kf7 35. Bxh5+ Kf6 36. Bf3 Rd3 37. Rc4 Ra3
38. Kf4 Ke7 39. Rxc7+ Kd6 40. Rxa7 Kc5 41. Be2 Ra2 42. Bb5 Rf2+ 43. Ke3 Rb2
44. Rd7 Kb4 45. Rd3 Ka5 46. Rd2 Rb4 47. Rd8 Rh4 48. Ra8+ Kb4 49. Be8 Rh3+
50. Kd4 Rh8 51. a5 Rh4+ 52. Kd5 Rh6 53. a6 Rh7 54. Bc6 Kc3 55. Bb7 Rh5+ 56.
Ke4 Rh4+ 57. Kf5 Ra4 58. Rd8 Kb4 59. Rd4+ Kc5 60. Rxa4 Kb6 61. a7 Kc7 62.
a8=Q Kd6 63. Qd8+ Kc5 64. Qd4+ Kb5 65. Rb4+ Ka5 66. Qc5# {Black checkmated}
1-0

[Event "ICC Open 2015"]
[Site "Internet Chess Club"]
[Date "2015.05.29"]
[Round "4"]
[White "dwg6"]
[Black "BigSerge"]
[Result "1-0"]
[ICCResult "Black forfeits on time"]
[WhiteElo "2272"]
[BlackElo "1984"]
[Opening "English opening"]
[ECO "A20"]
[NIC "EO.24"]
[Time "14:37:48"]
[TimeControl "180+0"]

1. c4 e5 2. g3 Nc6 3. Bg2 Nf6 4. Nc3 Bb4 5. Nd5 Ba5 6. Nf3 d6 7. O-O h6 8.
d4 exd4 9. Nxd4 O-O 10. Nxc6 bxc6 11. Nxf6+ Qxf6 12. Bxc6 Bh3 13. Bg2 Bxg2
14. Kxg2 Rfe8 15. Qc2 Re5 16. Bf4 Rh5 17. Qe4 Rb8 18. b3 g5 19. Be3 Bb6 20.
Rad1 Kf8 21. Bd4 Qd8 22. Qf3 g4 23. Qxg4 Rg5 24. Qh4 Bxd4 25. Rxd4 Qf6 26.
Rf4 Qg7 27. Rd1 Re8 28. e3 Re6 29. Rd5 Reg6 30. Rff5 Kg8 31. Rxg5 hxg5 32.
Qg4 f6 33. Rb5 Kh7 34. Rb8 Rh6 35. Rd8 Kg6 36. Rd7 {Black forfeits on time}
1-0

[Event "ICC Open 2015"]
[Site "Internet Chess Club"]
[Date "2015.05.29"]
[Round "4"]
[White "WilliamChandler"]
[Black "Blondicheck"]
[Result "0-1"]
[ICCResult "White forfeits on time"]
[WhiteElo "1387"]
[BlackElo "1519"]
[Opening "Scotch gambit: Dubois-Réti defense"]
[ECO "C55"]
[NIC "KP.02"]
[Time "14:37:37"]
[TimeControl "180+0"]

1. e4 e5 2. Nf3 Nc6 3. d4 exd4 4. Bc4 Nf6 5. c3 Nxe4 6. O-O d5 7. Bb5 dxc3
8. Re1 Bd7 9. Nxc3 Be7 10. Nxe4 dxe4 11. Rxe4 O-O 12. Bd3 Bf5 13. Re3 Bxd3
14. Rxd3 Bd6 15. Bf4 Qf6 16. Bxd6 cxd6 17. Rxd6 Qxb2 18. Rb1 Qxa2 19. Rxb7
Rfd8 20. Rxd8+ Rxd8 21. Qe1 Qe6 22. Qa1 Rb8 23. Rxb8+ Nxb8 24. Qxa7 Qb3 25.
h3 g6 26. Kh2 Qb4 27. Qc7 Kg7 28. Qe5+ Kf8 29. Qh8+ Ke7 30. Qxh7 Qf4+ 31.
Kh1 Nd7 {White forfeits on time} 0-1

[Event "ICC Open 2015"]
[Site "Internet Chess Club"]
[Date "2015.05.29"]
[Round "4"]
[White "BlueJ"]
[Black "rynos0411"]
[Result "1-0"]
[ICCResult "Black forfeits on time"]
[WhiteElo "2245"]
[BlackElo "1707"]
[Opening "Budapest: Rubinstein variation"]
[ECO "A52"]
[NIC "QG.01"]
[Time "14:37:45"]
[TimeControl "180+0"]

1. d4 Nf6 2. c4 e5 3. dxe5 Ng4 4. Bf4 g5 5. Bg3 Nc6 6. Nf3 Bg7 7. Nc3 Ngxe5
8. Nxe5 Nxe5 9. e3 d6 10. Be2 Be6 11. O-O Qd7 12. f4 gxf4 13. exf4 Nxc4 14.
f5 Ne3 15. fxe6 Qxe6 16. Qa4+ c6 17. Rfe1 Kd7 18. Bf3 Qh6 19. Bf4 Qh4 20.
Bxe3 Qf6 21. Rad1 Rhg8 22. Ne4 Qxb2 23. Rxd6+ Kc7 24. Bf4
{Black forfeits on time}
1-0

[Event "ICC Open 2015"]
[Site "Internet Chess Club"]
[Date "2015.05.29"]
[Round "4"]
[White "lemanofzorn"]
[Black "El-Flippo"]
[Result "0-1"]
[ICCResult "White checkmated"]
[WhiteElo "1490"]
[BlackElo "1333"]
[Opening "Old Benoni defense"]
[ECO "A43"]
[NIC "OI.09"]
[Time "14:37:44"]
[TimeControl "180+0"]

1. d4 c5 2. d5 d6 3. c4 a6 4. Nc3 Nf6 5. Bg5 Nbd7 6. Qa4 g6 7. e4 Bg7 8. Nf3
O-O 9. Be2 h6 10. Bh4 Nh5 11. Nd2 Nf4 12. Bf3 Nd3+ 13. Ke2 Nf4+ 14. Ke1 Ne5
15. g3 Nfd3+ 16. Ke2 Nxf3 17. Nxf3 Ne5 18. Nxe5 Bxe5 19. f4 Bd4 20. Rhd1 Bd7
21. Qb3 b5 22. cxb5 axb5 23. Nxb5 Rb8 24. a4 Bxb5+ 25. axb5 Bf6 26. Bxf6
exf6 27. Qc3 Rxb5 28. Ra2 Rb4 29. Rda1 Qe7 30. e5 fxe5 31. fxe5 Re4+ 32. Kf3
Rxe5 33. Ra7 Qf6+ 34. Kg2 Re2+ 35. Kh3 Qf5+ 36. g4 Qf4 37. Rxf7 Rxh2#
{White checkmated}
0-1

[Event "ICC Open 2015"]
[Site "Internet Chess Club"]
[Date "2015.05.29"]
[Round "4"]
[White "Warhabid"]
[Black "juniorVishy"]
[Result "1-0"]
[ICCResult "Black checkmated"]
[WhiteElo "2311"]
[BlackElo "1710"]
[Opening "Réti opening"]
[ECO "A11"]
[NIC "QP.09"]
[Time "14:37:45"]
[TimeControl "180+0"]

1. Nf3 d5 2. c4 c6 3. e3 Nf6 4. Nc3 e6 5. Qc2 Bd6 6. b3 O-O 7. Bb2 Nbd7 8.
Be2 b6 9. Rg1 c5 10. g4 Bb7 11. g5 Ne8 12. O-O-O dxc4 13. bxc4 Qc7 14. Ne4
Be7 15. h4 Nd6 16. Ng3 b5 17. Nh5 g6 18. Qc3 f6 19. cxb5 Nxb5 20. Qb3 a6 21.
Qxe6+ Kh8 22. Nxf6 Nxf6 23. gxf6 Bd6 24. f7+ Be5 25. Nxe5 c4 26. Nxg6#
{Black checkmated}
1-0

[Event "ICC Open 2015"]
[Site "Internet Chess Club"]
[Date "2015.05.29"]
[Round "4"]
[White "gladiator46"]
[Black "cap78red"]
[Result "1-0"]
[ICCResult "Black checkmated"]
[WhiteElo "1654"]
[BlackElo "1349"]
[Opening "Benko's opening"]
[ECO "A00"]
[NIC "VO.09"]
[Time "14:37:28"]
[TimeControl "180+0"]

1. g3 Nf6 2. Bg2 g6 3. c4 Bg7 4. Qb3 Nc6 5. e3 Na5 6. Qa4 c5 7. d3 Rb8 8.
Bd2 b6 9. Nf3 Bb7 10. O-O O-O 11. Nc3 Bc6 12. Qc2 d5 13. cxd5 Nxd5 14. Nxd5
Qxd5 15. Nh4 Qg5 16. e4 Qf6 17. Bc3 Qd6 18. Bxg7 Kxg7 19. Nf3 e5 20. Qc3 f6
21. Rad1 Qc7 22. b3 Bb5 23. Nd2 Rbd8 24. Nc4 Nxc4 25. dxc4 Bc6 26. f3 Rd7
27. Bh3 Rxd1 28. Rxd1 Rd8 29. Re1 Bd7 30. g4 h5 31. Rd1 hxg4 32. fxg4 Be6
33. Qc2 Rxd1+ 34. Qxd1 Qd7 35. Qxd7+ Bxd7 36. Kf2 Kh6 37. Kf3 Kg5 38. Kg3 f5
39. gxf5 gxf5 40. Kf2 Be6 41. a4 a5 42. Bg2 fxe4 43. Bxe4 Bf5 44. Bxf5 Kxf5
45. Ke3 e4 46. h4 Kg4 47. Kxe4 Kxh4 48. Kd5 Kg4 49. Kc6 Kf4 50. Kxb6 Ke4 51.
Kxc5 Kd3 52. Kb5 Kc3 53. c5 Kxb3 54. c6 Ka3 55. c7 Kb3 56. c8=Q Kb2 57. Kxa5
Ka1 58. Qb8 Ka2 59. Ka6 Ka3 60. a5 Ka4 61. Qb5+ Ka3 62. Kb6 Ka2 63. a6 Ka3
64. a7 Ka2 65. a8=Q# {Black checkmated} 1-0

[Event "ICC Open 2015"]
[Site "Internet Chess Club"]
[Date "2015.05.29"]
[Round "4"]
[White "Federicov"]
[Black "M80"]
[Result "1-0"]
[ICCResult "Black resigns"]
[WhiteElo "3199"]
[BlackElo "2550"]
[Opening "Sicilian defense"]
[ECO "B40"]
[NIC "SI.43"]
[Time "14:37:49"]
[TimeControl "180+0"]

1. e4 c5 2. Nf3 e6 3. g3 Nc6 4. Bg2 d5 5. exd5 Qxd5 6. O-O Nf6 7. Nc3 Qd8 8.
a4 Be7 9. d3 O-O 10. Bf4 Nh5 11. Be3 Nf6 12. d4 Ng4 13. Bf4 a6 14. d5 exd5
15. Nxd5 Nf6 16. Nxe7+ Nxe7 17. Qxd8 Rxd8 18. Rfd1 Bf5 19. c3 Ned5 20. Bg5
h6 21. Bxf6 Nxf6 22. Ne5 Be4 23. a5 Bxg2 24. Kxg2 Kf8 25. Nc4 Ke7 26. Re1+
Kf8 27. Re5 Rac8 28. Rae1 Rc7 29. h3 Rd5 30. R5e2 Rd8 31. g4 Re8 32. Ne5
Rce7 33. f4 Nd5 34. Nd7+ Kg8 35. Rxe7 Rxe7 36. Rxe7 Nxe7 37. Nxc5 Nd5 38.
Kf3 b6 39. axb6 Nxb6 40. Nxa6 Na4 41. b4 Nxc3 42. Nc7 Kf8 43. b5 Ke7 44. b6
Kd7 45. f5 Kc6 46. Ne8 g6 47. b7 Kxb7 48. Nd6+ Kc6 49. Nxf7 gxf5 50. gxf5 h5
51. Kf4 Nd5+ 52. Kg5 Ne3 53. f6 Nd5 54. Nh6 h4 55. f7 {Black resigns} 1-0

[Event "ICC Open 2015"]
[Site "Internet Chess Club"]
[Date "2015.05.29"]
[Round "4"]
[White "Vladimirovich"]
[Black "Talion"]
[Result "1-0"]
[ICCResult "Black forfeits on time"]
[WhiteElo "3286"]
[BlackElo "2950"]
[Opening "Sicilian defense"]
[ECO "B40"]
[NIC "SI.43"]
[Time "14:36:51"]
[TimeControl "180+0"]

1. e4 c5 2. Nf3 e6 3. g3 b6 4. Bg2 Bb7 5. Nc3 Nf6 6. e5 Ng4 7. O-O Nc6 8. h3
Nh6 9. d4 Nxd4 10. Bxh6 Bxf3 11. Bxf3 gxh6 12. Ne4 Be7 13. c3 Nc6 14. Nd6+
Bxd6 15. Qxd6 Rc8 16. Bxc6 Rxc6 17. Qd2 Qg5 18. Qe2 f6 19. exf6 Qxf6 20.
Rad1 Ke7 21. Rd5 Kd8 22. Rd3 Rg8 23. Rfd1 Rg7 24. Qe4 Kc7 25. Rf3 Qg6 26.
Qe5+ Kb7 27. Rf8 Rc8 28. Rf6 Qg5 29. Qe4+ Kb8 30. Rf3 h5 31. h4 Qg4 32. Qe5+
Kb7 33. Rfd3 Rc7 34. a4 Rf7 35. a5 Qf5 36. a6+ Kc8 37. Qe2 Rc6 38. Re3 Qg4
39. Qd2 Qf5 40. Rde1 b5 41. Re5 Qf3 42. b4 cxb4 43. cxb4 Rxa6 44. Rxb5 Rb6
45. Rc1+ Kd8 46. Rg5 Rc6 47. Rg8+ Kc7 48. Ra1 Kb7 49. b5 Rc4 50. Qa2 a5 51.
b6 Rc5 52. Qb2 {Black forfeits on time} 1-0

[Event "ICC Open 2015"]
[Site "Internet Chess Club"]
[Date "2015.05.29"]
[Round "4"]
[White "Qualm"]
[Black "MassCarnage"]
[Result "0-1"]
[ICCResult "White forfeits on time"]
[WhiteElo "1702"]
[BlackElo "2018"]
[Opening "St. George (Baker) defense"]
[ECO "B00"]
[NIC "VO.17"]
[Time "14:37:15"]
[TimeControl "180+0"]

1. e4 a6 2. Nc3 b5 3. d4 Bb7 4. f3 Nf6 5. Be3 e6 6. Nh3 d6 7. Nf4 c5 8. d5
e5 9. Nh3 Nbd7 10. Be2 g6 11. Qd2 Bg7 12. Bh6 O-O 13. Bxg7 Kxg7 14. O-O h6
15. a3 c4 16. b3 cxb3 17. cxb3 Rc8 18. Rfc1 Nc5 19. Rab1 Qb6 20. Kf1 Nh5 21.
Qe3 Qc7 22. b4 Nd7 23. Nxb5 Qb8 24. Na7 Rxc1+ 25. Rxc1 Nhf6 26. Nc6 Qa8 27.
Na5 Rc8 28. Ke1 Rxc1+ 29. Qxc1 Qc8 30. Qxc8 Bxc8 31. Nf2 Nb6 32. Bd1 Ne8 33.
Kd2 Nc7 34. Kc3 Nb5+ 35. Kb2 Nd4 36. Nc6 Nxc6 37. dxc6 Kf8 38. a4 Ke7 39.
Nd3 Kd8 40. Kc3 Kc7 41. b5 axb5 42. axb5 Be6 43. Nb4 Nc8 44. Nd5+ Bxd5 45.
exd5 Kb6 46. Kb4 Na7 47. Be2 Nc8 {White forfeits on time} 0-1

[Event "ICC Open 2015"]
[Site "Internet Chess Club"]
[Date "2015.05.29"]
[Round "4"]
[White "maki89"]
[Black "altoming"]
[Result "1-0"]
[ICCResult "Black forfeits on time"]
[WhiteElo "2364"]
[BlackElo "1739"]
[Opening "Lengfellner system"]
[ECO "B07"]
[NIC "VO.17"]
[Time "14:37:13"]
[TimeControl "180+0"]

1. e4 d6 2. d4 e6 3. Nc3 Nf6 4. f4 Be7 5. Nf3 O-O 6. Bd3 b6 7. O-O Ba6 8.
Kh1 Bxd3 9. cxd3 Nbd7 10. Be3 c5 11. Bg1 cxd4 12. Nxd4 e5 13. Nf5 exf4 14.
Rxf4 Nc5 15. Bd4 d5 16. Nxe7+ Qxe7 17. Rxf6 gxf6 18. Qg4+ Kh8 19. Nxd5 Rg8
20. Nxe7 Rxg4 21. Bxf6+ Rg7 22. Nf5 Ne6 23. Rc1 Kg8 24. Nxg7 Nxg7 25. d4 Ne6
26. d5 Nf4 27. g3 Nd3 28. Rc4 b5 29. Rd4 Nf2+ 30. Kg2 {Black forfeits on
time} 1-0

[Event "ICC Open 2015"]
[Site "Internet Chess Club"]
[Date "2015.05.29"]
[Round "4"]
[White "kobayashi"]
[Black "sakram07"]
[Result "1-0"]
[ICCResult "Black checkmated"]
[WhiteElo "1959"]
[BlackElo "1676"]
[Opening "French: advance, Paulsen attack"]
[ECO "C02"]
[NIC "FR.03"]
[Time "14:37:09"]
[TimeControl "180+0"]

1. e4 e6 2. d4 d5 3. e5 c5 4. c3 Nc6 5. Nf3 Qb6 6. a3 c4 7. Nbd2 Bd7 8. Be2
Nge7 9. O-O Qc7 10. Re1 Na5 11. h3 Nc8 12. Nh2 Nb6 13. Bg4 Ba4 14. Qe2 Be7
15. Nhf1 Bc2 16. Ne3 Ba4 17. f4 g6 18. g3 O-O-O 19. Kg2 h5 20. Bf3 g5 21. f5
f6 22. Bxh5 exf5 23. Nxf5 Bc2 24. Nxe7+ Qxe7 25. Bg4+ Kb8 26. exf6 Qxf6 27.
Qe5+ Qxe5 28. Rxe5 Nb3 29. Nxb3 Bxb3 30. Bxg5 Rde8 31. Bf4 Ka8 32. Rae1 Rxe5
33. Bxe5 Re8 34. h4 a5 35. h5 Bc2 36. Rf1 Be4+ 37. Kh3 Bd3 38. Rf7 Ka7 39.
Bf5 Na4 40. h6 Bxf5+ 41. Rxf5 Re7 42. Bg7 Re1 43. Rh5 Nxb2 44. h7 Nd1 45.
h8=Q Rh1+ 46. Kg4 Ne3+ 47. Kf3 Rxh5 48. Qxh5 Nd1 49. Qxd5 Nxc3 50. Qxc4 Nb1
51. d5 Nd2+ 52. Ke3 Nxc4+ 53. Kd4 Nxa3 54. d6 Kb8 55. Kd5 Kc8 56. Ke6 Nb5
57. d7+ Kc7 58. Be5+ Kd8 59. Bf6+ Kc7 60. d8=Q+ Kc6 61. Qd5+ Kc7 62. Qxb5
Kb8 63. Be5+ Ka7 64. Qxa5# {Black checkmated} 1-0

[Event "ICC Open 2015"]
[Site "Internet Chess Club"]
[Date "2015.05.29"]
[Round "4"]
[White "ElFenomeno"]
[Black "fviana"]
[Result "0-1"]
[ICCResult "White forfeits on time"]
[WhiteElo "1902"]
[BlackElo "2355"]
[Opening "Catalan: closed"]
[ECO "E01"]
[NIC "CA.01"]
[Time "14:37:37"]
[TimeControl "180+0"]

1. d4 Nf6 2. c4 e6 3. g3 d5 4. Bg2 Bb4+ 5. Bd2 Be7 6. Nf3 O-O 7. O-O c6 8.
Qc2 Nbd7 9. a3 b6 10. cxd5 cxd5 11. Nc3 Bb7 12. Rac1 Rc8 13. Qb1 a6 14. Ne1
b5 15. e4 dxe4 16. Nxe4 Rxc1 17. Bxc1 Nxe4 18. Bxe4 Bxe4 19. Qxe4 Nf6 20.
Qd3 Nd5 21. Nf3 Qc7 22. Bd2 Rc8 23. Rc1 Qb7 24. Rxc8+ Qxc8 25. h4 h6 26. Ne5
Bd6 27. Ng4 Bf8 28. Ne3 Qd7 29. Qe4 Nb6 30. Ba5 Nc4 31. Nxc4 bxc4 32. Bb4
Bxb4 33. axb4 Qd5 34. f3 Kf8 35. Qxd5 exd5 36. Kf2 Ke7 37. Ke3 g5 38. hxg5
hxg5 39. g4 Kd6 40. Kd2 Kc6 41. Kc2 Kb5 42. Kc3 Ka4 {White forfeits on time}
0-1

[Event "ICC Open 2015"]
[Site "Internet Chess Club"]
[Date "2015.05.29"]
[Round "4"]
[White "reydelmambo"]
[Black "Cinzento"]
[Result "0-1"]
[ICCResult "White forfeits on time"]
[WhiteElo "1958"]
[BlackElo "1720"]
[Opening "King's Indian: orthodox, Aronin-Taimanov, Benkö attack"]
[ECO "E99"]
[NIC "KI.02"]
[Time "14:37:13"]
[TimeControl "180+0"]

1. Nf3 Nf6 2. c4 g6 3. Nc3 Bg7 4. e4 d6 5. d4 O-O 6. Be2 e5 7. O-O Nc6 8. d5
Ne7 9. Ne1 Nd7 10. f3 f5 11. g4 f4 12. h4 Nf6 13. Ng2 h6 14. Bd2 Nh7 15. b4
Bf6 16. Be1 h5 17. g5 Bxg5 18. hxg5 Nxg5 19. Bh4 Nh3+ 20. Kh2 g5 21. Be1 Rf7
22. c5 Rh7 23. cxd6 cxd6 24. Rc1 Ng6 25. Nb5 g4 26. Qc2 g3+ 27. Kh1 Ng5 28.
Nxa7 Bd7 29. Nb5 Bxb5 30. Bxb5 Qb6 31. a4 h4 32. Bf2 gxf2 33. Qxf2 h3 34.
Qxb6 hxg2+ 35. Kxg2 Rh3 36. Rh1 Nh4+ 37. Kf2 Rxf3+ 38. Ke2 Rg3 39. Rxh4 Rg2+
40. Kd3 Rg3+ 41. Kd2 Rg2+ 42. Kc3 Rg3+ 43. Kb2 Rf8 44. Qxd6 Nxe4 45. Qe6+
Rf7 46. Qe8+ Kg7 47. Rh7+ Kxh7 {White forfeits on time} 0-1